 Dungeon Crawl Stone Soup version 0.24.1 (webtiles) character file.

Game seed: 6801393268491660482, levelgen mode: deterministic

2434 Chiseanne the Blocker (level 9, -1/63 HPs)
             Began as a Black Draconian Summoner on Mar 29, 2020.
             Was a Priest of Vehumet.
             Slain by an elephant (14 damage)
             ... on level 9 of the Dungeon.
             The game lasted 00:44:31 (8094 turns).

Chiseanne the Blocker (Black Draconian Summoner)    Turns: 8094, Time: 00:44:32

Health: -1/63      AC:  7    Str: 10    XL:     9   Next: 24%
Magic:  21/28      EV: 12    Int: 18    God:    Vehumet [***...]
Gold:   434        SH: 16    Dex: 13    Spells: 5/21 levels left

rFire    . . .     SeeInvis .   a - +2 dagger (elec)
rCold    . . .     Gourm    .   d - +2 shield
rNeg     . . .     Faith    .   (armour unavailable)
rPois    .         Spirit   .   (helmet restricted)
rElec    +         Reflect  +   (no cloak)
rCorr    .         Harm     .   (no gloves)
MR       .....                  (no boots)
Stlth    ++........             i - +4 amulet of reflection
HPRegen  0.20/turn              C - ring of magical power
MPRegen  0.21/turn              (no ring)

@: no status effects
A: breathe lightning, unfitting armour, electricity resistance, cold-blooded, AC
+7
a: Breathe Lightning, Renounce Religion


You were on level 9 of the Dungeon.
You worshipped Vehumet.
Vehumet was most pleased with you.
You were not hungry.

You visited 2 branches of the dungeon, and saw 10 of its levels.
You also visited: Sewer and Ossuary.

You collected 434 gold pieces.

Inventory:

Hand Weapons
 a - a +2 dagger of electrocution (weapon)
 s - the +1 war axe "Hurocw" {holy, Dex+4}
   (You found it on level 8 of the Dungeon)

   It has been blessed by the Shining One to cause great damage to the undead
   and demons.
   It affects your dexterity (+4).
Missiles
 c - 17 sling bullets
 e - 65 poisoned darts (quivered)
 k - a boomerang
 n - 20 stones
 w - 16 bolts
Armour
 d - a +2 shield (worn)
 D - the +1 large shield of Submission {rCorr Str+4}
   (You found it on level 9 of the Dungeon)

   It affects your strength (+4).
   It provides partial protection from all sources of acid and corrosion.
Jewellery
 i - a +4 amulet of reflection (around neck)
 C - a ring of magical power (left hand)
Wands
 h - a wand of disintegration (9)
 m - a wand of acid (9)
 v - a wand of scattershot (3)
 x - a wand of flame (13)
Scrolls
 g - a scroll of teleportation
 j - a scroll of amnesia
 o - a scroll of blinking
 p - 6 scrolls of remove curse
Potions
 f - 5 potions of flight
 l - a potion of resistance
 q - 2 potions of brilliance
 r - a potion of curing
 t - a potion of might {unknown}
 u - 5 potions of lignification
 z - a potion of mutation {unknown}
 A - a potion of agility
 B - a potion of cancellation {unknown}
Miscellaneous
 y - a lightning rod (4/4)
Comestibles
 b - 14 rations


   Skills:
 * Level 0.9 Fighting
 - Level 3.6 Dodging
 - Level 1.7 Stealth
 * Level 8.0 Shields
 * Level 6.6 Spellcasting
 - Level 5.3 Summonings
 * Level 0.7 Ice Magic
 * Level 3.4 Air Magic
 * Level 1.4 Poison Magic


You had 5 spell levels left.
You knew the following spells:

 Your Spells              Type           Power        Failure   Level  Hunger
a - Call Imp              Summ           ####....     4%          2    None
b - Call Canine Familiar  Summ           ####....     9%          3    ##.....
c - Summon Ice Beast      Ice/Summ       ###.....     61%         4    ####...
d - Mephitic Cloud        Conj/Pois/Air  ##......     11%         3    ##.....
e - Summon Lightning Spi  Summ/Air       ###.....     41%         4    ####...

Your spell library contained the following spells:

 Spells                   Type           Power        Failure   Level  Hunger
 Summon Small Mammal      Summ           ####         3%          1    None
 Summon Guardian Golem    Hex/Summ       ###.....     26%         3    ##.....


Dungeon Overview and Level Annotations

Branches:
Dungeon (9/15)             Temple (1/1) D:4            Lair (0/6) D:9
  Sewer (visited)         Ossuary (visited)
    Orc: D:9-12

Altars:
Cheibriados
Elyvilon
Fedhas
Makhleb
Okawaru
Vehumet
Yredelemnul
The Shining One


Innate Abilities, Weirdness & Mutations

You can breathe wild blasts of lightning.
Your glossy black scales are hard. (AC +7)
You cannot fit into any form of body armour.
You are resistant to electric shocks. (rElec)
You are cold-blooded and may be slowed by cold attacks.


Message History

Your hound bites the elephant but does no damage.
The elephant tramples your hound!
Your hound holds its ground!
The elephant barely misses your hound.
Your hound bites the elephant.
You strike the helpless elephant from behind!
You hit the elephant. Lightning courses through the elephant!
You tail-slap the elephant, but do no damage.
The elephant is severely wounded.
Your hound bites the elephant.
You block the elephant's attack. The elephant trunk-slaps you.
Your hound bites the elephant but does no damage.
You hit the elephant but do no damage. You tail-slap the elephant.
The elephant is almost dead.
The elephant tramples you!
* * * LOW HITPOINT WARNING * * *
You hold your ground!
You block the elephant's attack.
Your hound bites the elephant.
You barely miss the elephant. You tail-slap the elephant.
The elephant is almost dead.
Your hound bites the elephant.
The elephant tramples you!
You die...

#...###(#
#.##...#### #######
#..†.Y....###.....#
#.###.###.##..<....
#.# #.# #.##..#....
#.###.# #.##..#.#..
#.#h..# #÷##..#.#..
#.#Y#####.##.......
#.@.......##.......
###.###########.#.#
#.## #.... #..##
###..
####...###########..
+...................
###....###########..
#.....# #...
#.......# #.##


You could see an elephant and a friendly hound.

Vanquished Creatures
  2 hippogriffs (D:9)
  4 yaks (D:9)
  An ice beast (D:7)
  A sky beast (D:7)
  A centaur (D:5)
  A crocodile (D:9)
  3 bullfrogs
  A scorpion (D:4)
  2 crimson imps
  2 hounds
  3 orc wizards
  A bullfrog skeleton (D:4)
  4 worker ants
  A merfolk avatar (Sewer)
  3 big kobold zombies (Ossuary)
  A hound skeleton (D:4)
  A mummy (Ossuary)
  3 adders
  A shadow imp (D:6)
  An adder skeleton (D:4)
  3 leopard geckos
  9 orcs
  3 ball pythons
  5 giant cockroaches
  4 goblins
  4 hobgoblins
  3 jackals (D:7)
  A quokka (D:7)
  3 bats
  7 frilled lizards
  A goblin zombie (Ossuary)
  2 hobgoblin zombies (Ossuary)
  A jackal zombie (Ossuary)
  2 kobolds (D:3)
  3 kobold zombies (Ossuary)
  3 orc zombies (Ossuary)
  A quokka skeleton (D:7)
  17 rats
109 creatures vanquished.

Vanquished Creatures (collateral kills)
  A phantom (D:7)
  An ogre (D:5)
  3 scorpions
  A centaur zombie (D:6)
  2 human zombies (Ossuary)
  An orc priest (D:4)
  A bullfrog skeleton (D:6)
  7 orc wizards
  An iguana (D:6)
  2 worker ants
  A merfolk siren (Sewer)
  A big kobold zombie (Ossuary)
  2 mummies
  6 adders
  2 river rats (Sewer)
  2 shadow imps
  2 worms (D:3)
  3 leopard geckos
  21 orcs
  A ball python (Sewer)
  7 giant cockroaches
  3 goblins
  A hobgoblin (D:1)
  4 jackals (D:5)
  A bat (D:3)
  2 frilled lizards
  9 hobgoblin zombies (Ossuary)
  2 jackal zombies
  4 kobold zombies (Ossuary)
  A leopard gecko skeleton (D:5)
  6 orc zombies (Ossuary)
  6 rats
  A rat zombie (Ossuary)
108 creatures vanquished.

Vanquished Creatures (others)
  A fungus (D:9)
1 creature vanquished.

Grand Total: 218 creatures vanquished

Notes
Turn   | Place    | Note
-------+----------+-------------------------------------------
     0 | D:1      | Chiseanne the Draconian Summoner began the quest for the
                  | Orb.
     0 | D:1      | Reached XP level 1. HP: 14/14 MP: 3/3
   479 | D:2      | Noticed a jelly
   559 | D:2      | Reached XP level 2. HP: 20/20 MP: 0/5
   828 | D:2      | You fall into a shaft and drop 2 floors!
   908 | D:4      | Learned a level 2 spell: Call Imp
  1066 | D:4      | Reached skill level 1 in Shields
  1066 | D:4      | Reached XP level 3. HP: 22/26 MP: 6/6
  1079 | D:4      | Reached skill level 2 in Shields
  1098 | D:4      | Reached XP level 4. HP: 24/33 MP: 3/7
  1280 | D:4      | Found a glowing drain.
  1302 | Sewer    | Entered a sewer
  1453 | Sewer    | Reached skill level 3 in Shields
  1712 | Sewer    | Learned a level 3 spell: Call Canine Familiar
  1793 | Sewer    | Reached XP level 5. HP: 36/38 MP: 0/8
  1815 | Sewer    | Reached skill level 4 in Shields
  1965 | D:4      | HP: 1/38 [orc wizard/+0 dagger of electrocution (15)]
  3026 | D:4      | Found a staircase to the Ecumenical Temple.
  3034 | Temple   | Entered the Ecumenical Temple
  3074 | Temple   | Became a worshipper of Vehumet
  3377 | D:4      | Reached XP level 6. HP: 45/45 MP: 2/10
  3798 | D:5      | Entered Level 5 of the Dungeon
  3852 | D:5      | Learned a level 4 spell: Summon Ice Beast
  3972 | D:5      | Reached skill level 5 in Summonings
  4102 | D:5      | Found a sand-covered staircase.
  4121 | Ossuary  | Entered an ossuary
  4309 | Ossuary  | Reached * piety under Vehumet
  4309 | Ossuary  | Offered knowledge of Shock by Vehumet.
  4401 | Ossuary  | Your scales start taking on a glossy black colour.
  4401 | Ossuary  | Reached XP level 7. HP: 45/50 MP: 2/12
  4401 | Ossuary  | Gained mutation: You are resistant to electric shocks.
                  | (rElec) [Black Draconian growth]
  4560 | Ossuary  | Offered knowledge of Searing Ray by Vehumet.
  4564 | Ossuary  | Reached ** piety under Vehumet
  4829 | D:6      | Found a snail-covered altar of Cheibriados.
  4879 | D:6      | Found a burning altar of Makhleb.
  5030 | D:6      | Reached skill level 5 in Shields
  5696 | D:7      | Found a basalt altar of Yredelemnul.
  5716 | D:7      | Reached skill level 6 in Shields
  5719 | D:7      | Offered knowledge of Mephitic Cloud by Vehumet.
  5728 | D:7      | Learned a level 3 spell: Mephitic Cloud
  5933 | D:7      | Reached XP level 8. HP: 49/57 MP: 3/14
  6160 | D:7      | Reached skill level 1 in Air Magic
  6196 | D:8      | Noticed a hippogriff
  6273 | D:7      | Reached *** piety under Vehumet
  6593 | D:7      | Reached skill level 7 in Shields
  6694 | D:8      | Reached skill level 1 in Poison Magic
  6745 | D:8      | Found a glowing golden altar of the Shining One.
  6774 | D:8      | Got a polished war axe
  6917 | D:8      | Identified the cursed +1 war axe "Hurocw" {holy, Dex+4}
                  | (You found it on level 8 of the Dungeon)
  7016 | D:8      | Found a white marble altar of Elyvilon.
  7360 | D:9      | Noticed a hippogriff
  7372 | D:9      | Killed a hippogriff
  7372 | D:9      | Reached skill level 5 in Spellcasting
  7733 | D:9      | Got a polished large shield
  7811 | D:9      | Identified the +1 large shield of Submission {rCorr Str+4}
                  | (You found it on level 9 of the Dungeon)
  7845 | D:9      | Reached XP level 9. HP: 36/62 MP: 18/18
  8033 | D:9      | Learned a level 4 spell: Summon Lightning Spire
  8038 | D:9      | Found a staircase to the Lair.
  8038 | D:9      | Noticed an elephant
  8089 | D:9      | Reached skill level 8 in Shields
  8094 | D:9      | Slain by an elephant

Levels and vault maps discovered:
D:1:      noname_arrival_rooms_in_the_neighbourhood, layout_loops_ring,
          minmay_misc_feat_rugged, chequers_serial_rivers_micro_c
D:2:      layout_rooms, lemuel_round_altar, minmay_pentomino_o2
D:3:      minmay_evil_eye, layout_loops_cross
D:4:      layout_basic, minmay_temple_entry_ruins, gup_sewer_entry_pipe
D:5:      layout_cave_pools, nicolae_ossuary_entry_false_entrances, first_ration
D:6:      layout_gridville, bloody_makhleb, kennysheep_mini, slow_altar_2
D:7:      layout_loops_corners, yredelemnul_altar_generic
D:8:      layout_rooms, led_sif_pool, lemuel_doored_altar, lemuel_crystal_altar,
          hangedman_ranch [blue_anna_fruit_fields], eino_curves_03
D:9:      layout_loops_corners, david_lair_generic
Temple:   minmay_temple_curvy_branch

Skill      XL: |  1  2  3  4  5  6  7  8  9 |
---------------+----------------------------+-----
Dodging        | 2 3 |  3.6
Shields        | 1 2 3 4 6 7 8 |  8.0
Spellcasting   | 3 4 6 |  6.6
Summonings     | 5 |  5.3
Air Magic      | 3 |  3.4
Poison Magic   | 1 |  1.4
Fighting       | |  0.9
Stealth        | |  1.7
Ice Magic      | |  0.7

Action                   |  1- 3 |  4- 6 |  7- 9 || total
-------------------------+-------+-------+-------++-------
Melee: Hand axe          |    16 |       |       ||    16
       Whip              |     8 |       |       ||     8
       Tailslap          |     7 |    24 |    27 ||    58
       Falchion          |    29 |   191 |   107 ||   327
       Dagger            |       |       |   150 ||   150
Throw: Dart              |       |     3 |     8 ||    11
       Stone             |       |     1 |       ||     1
 Cast: Summon Small Mamm |    19 |    28 |       ||    47
       Call Imp          |     1 |    43 |    38 ||    82
       Call Canine Famil |       |    13 |    31 ||    44
  Use: Scroll            |     3 |    10 |    10 ||    23
       Potion            |     1 |     2 |       ||     3
 Stab: Sleeping          |     2 |     3 |     1 ||     6
       Distracted        |       |       |     3 ||     3
  Eat: Chunk             |     1 |    10 |    14 ||    25
       Ration            |       |     2 |       ||     2
Armor: Skin              |    17 |    51 |    51 ||   119
Dodge: Dodged            |    39 |   108 |   105 ||   252
Block: Buckler           |    12 |   121 |     3 ||   136
       Reflection        |       |     1 |     3 ||     4
       Shield            |       |       |   191 ||   191
       Rpst.: Falchion   |     6 |    32 |    11 ||    49
